 Dungeon Crawl Stone Soup version bcrawl-1.22 (webtiles) character file.

Game seed: 556706758858530568

25 funkygono the Magician (level 3, -2/19 HPs)
             Began as an Avariel Wizard on May 13, 2020.
             Slain by a worm (11 damage)
             ... on level 2 of the Dungeon.
             The game lasted 00:02:51 (1325 turns).

funkygono the Magician (Avariel Wizard)             Turns: 1325, Time: 00:02:52

Health: -2/19      AC:  2    Str:  5    XL:     3   Next: 6%
Magic:  1/11       EV: 12    Int: 24    God:
Gold:   58         SH:  0    Dex: 11    Spells: 0/11 levels left

rFire    . . .     SeeInvis .   a - +0 staff
rCold    . . .     Gourm    .   (no shield)
rNeg     . . .     Faith    .   b - +0 robe
rPois    .         Spirit   .   c - +0 hat
rElec    +         Reflect  .   (no cloak)
rCorr    +         Harm     .   (no gloves)
MR       .....                  (no boots)
Stlth    ++........             (no amulet)
HPRegen  0.06/turn              d - ring of resist corrosion
MPRegen  0.12/turn              l - ring of insulation

@: no status effects
A: no striking features
a: no special abilities


You were on level 2 of the Dungeon.
You were not hungry.

You visited 1 branch of the dungeon, and saw 2 of its levels.

You collected 58 gold pieces.

Inventory:

Hand Weapons
 a - a +0 staff (weapon)
Missiles
 g - 135 stones (quivered)
 m - a throwing net {!f}
Armour
 b - a +0 robe (worn)
 c - a +0 hat (worn)
 o - a +0 scale mail
Jewellery
 d - a ring of resist corrosion (left hand)
 l - a ring of insulation (right hand)
Scrolls
 h - a scroll of identify
 n - a scroll of remove curse {unknown}
Potions
 f - a potion of brilliance
 i - a potion of heal wounds
 k - a potion of resistance {unknown}
 p - 2 potions of mutation {unknown}
Comestibles
 e - 5 rations {!d}
 j - 3 chunks of flesh


   Skills:
 + Level 0.2 Staves
 + Level 2.6 Dodging
 + Level 2.4 Stealth
 + Level 4.7 Spellcasting
 + Level 1.3 Conjurations
 + Level 1.4 Summonings
 + Level 0.8 Translocations


You couldn't memorise any spells.
You knew the following spells:

 Your Spells              Type           Power        Failure   Level  Hunger
a - Magic Dart            Conj           ##..         5%          1    None
b - Call Imp              Summ           ##....       8%          2    None
c - Blink                 Tloc           N/A          10%         2    None
d - Conjure Flame         Conj/Fire      #.......     21%         3    ##.....
e - Mephitic Cloud        Conj/Pois/Air  #.......     22%         3    ##.....

Your spell library contained the following spells:

 Spells                   Type           Power        Failure   Level  Hunger
 Spider Form              Tmut/Pois      #..          26%         3    ##.....


Dungeon Overview and Level Annotations

Branches:
Dungeon (2/12)

Altars:
Qazlal


Message History

The worm is severely wounded.
The worm barely misses you.
You hit the worm but do no damage.
The worm is severely wounded.
The worm closely misses you.
You hit the worm but do no damage.
The worm is severely wounded.
The worm barely misses you.
You hit the worm.
The worm is severely wounded.
Casting: Magic Dart (safe; 5% risk of failure)
Confirm with . or Enter, or press ? or * to list all spells.
Aiming: Magic Dart (safe; 5% risk of failure)
Press: ? - help, Shift-Dir - straight line, f/p - worm
Aim: a worm (severely wounded)
The magic dart hits the worm.
The worm is almost dead.
The worm bites you!
Ouch! That really hurt!
You die...

#. #. #.#. #.#
##.###.#. #.#
##...##.#. #.#
..._...... #.###
#...##.#. #... ##.#
#.## #..#
###.###.###.#
#.รท###.#.........#
#.@....#####.#####
##w###...#.#.#.#
#.# #...##...## #.#
#.#.....## #.#
#...###.# #.# #####
#.# #.# #.# #.# ...
#.# #.#


You could see a worm.

Vanquished Creatures
  An ooze (D:1)
  A worm (D:2)
  2 leopard geckos
  A ball python (D:1)
  2 giant cockroaches (D:1)
  2 goblins (D:1)
  A hobgoblin (D:1)
  2 jackals (D:1)
  A bat (D:1)
  A frilled lizard (D:2)
14 creatures vanquished.

Vanquished Creatures (collateral kills)
  A goblin (D:1)
1 creature vanquished.

Grand Total: 15 creatures vanquished

Notes
Turn   | Place    | Note
-------+----------+-------------------------------------------
     0 | D:1      | funkygono the Avariel Wizard began the quest for the Orb.
     0 | D:1      | Reached XP level 1. HP: 10/10 MP: 7/7
    86 | D:1      | Reached XP level 2. HP: 15/15 MP: 6/9
   115 | D:1      | Learned a level 2 spell: Call Imp
   118 | D:1      | Learned a level 2 spell: Blink
  1125 | D:2      | Found a stormy altar of Qazlal.
  1167 | D:2      | Reached XP level 3. HP: 19/19 MP: 1/11
  1172 | D:2      | Learned a level 3 spell: Conjure Flame
  1176 | D:2      | Learned a level 3 spell: Mephitic Cloud
  1325 | D:2      | Slain by a worm

Action                   || total
-------------------------++-------
Melee: Staff             ||    20
 Cast: Magic Dart        ||    46
       Call Imp          ||     8
       Conjure Flame     ||     1
       Mephitic Cloud    ||     1
  Use: Scroll            ||     1
  Eat: Chunk             ||     1
Dodge: Dodged            ||    15
